[Event "Titled Tuesday Blitz November 2 2021"]
[White "Hjartarson, Johann"]
[Black "Nefedov, Sergey"]
[WhiteFideId "2300044"]
[BlackFideId "24113417"]
[WhiteElo "2502"]
[BlackElo "2359"]
[Result "1-0"]
[Round "11"]
[TimeControl "180+1"]
[Date "2021.11.02"]
[WhiteClock "0:00:48"]
[BlackClock "0:01:07"]

1. Nf3 d5 2. g3 Nf6 3. Bg2 Bf5 4. O-O e6 5. d3 Be7 6. b3 O-O 7. Bb2 c5 8. e3 Nc6 9. Qe2 h6 10. Rd1 Bg4 11. h3 Bxf3 12. Bxf3 e5 13. c4 d4 14. e4 Nh7 15. Bg2 Bd6 16. Nd2 Qd7 17. Nf1 Rae8 18. Nh2 Ng5 19. h4 Nh7 20. Kh1 g5 21. Rg1 Nd8 22. Raf1 Qe7 23. Bh3 f6 24. Bf5 Ne6 25. Bc1 Ng7 26. Bg6 Rb8 27. Ng4 h5 28. Nh6+ Kh8 29. Nf5 Nxf5 30. exf5 Kg7 31. Bxh7 Kxh7 32. Qxh5+ Kg8 33. hxg5 fxg5 34. Qg6+ Qg7 35. Qxd6 Rbd8 36. Qe6+ Rf7 37. Kg2 Kf8 38. Rh1 Re8 39. Qd6+ Kg8 40. Rh6 Rxf5 41. Rg6 1-0


[Site "https://www.chess.com"]

[Event "Titled Tuesday Blitz November 2 2021"]
[White "Kaasen, Tor Fredrik"]
[Black "Mikhailovsky, Vladimir"]
[WhiteFideId "1516647"]
[BlackFideId "34105414"]
[WhiteElo "2349"]
[BlackElo "2402"]
[Result "0-1"]
[Round "11"]
[TimeControl "180+1"]
[Date "2021.11.02"]
[WhiteClock "0:00:07"]
[BlackClock "0:00:06"]

1. e4 Nf6 2. e5 Nd5 3. d4 d6 4. Nf3 dxe5 5. Nxe5 c6 6. Bd3 Nd7 7. Nf3 N7f6 8. O-O Bg4 9. Re1 e6 10. Nbd2 Bd6 11. Nf1 O-O 12. Ng3 Nf4 13. Bf1 N4h5 14. h3 Nxg3 15. fxg3 Bh5 16. g4 Bg6 17. Be3 Nd5 18. Bf2 Qc7 19. c4 Nb4 20. Nh4 Bh2+ 21. Kh1 Bg3 22. Bxg3 Qxg3 23. Nxg6 hxg6 24. Qd2 Na6 25. Re3 Qf4 26. Qc3 Rad8 27. Rd1 Nc5 28. Rf3 Qg5 29. Qc2 Nd7 30. b4 Nf6 31. Rfd3 Rd7 32. Qd2 Qxd2 33. R1xd2 Rfd8 34. Kg1 Ne4 35. Rd1 g5 36. g3 g6 37. Bg2 Nd6 38. Rc1 Kg7 39. Kf2 Nc8 40. Ke3 Nb6 41. a3 Nc8 42. a4 Ne7 43. Rcd1 f5 44. Bf3 Kf6 45. h4 gxh4 46. gxh4 g5 47. h5 Nc8 48. d5 cxd5 49. cxd5 e5 50. gxf5 Nd6 51. Be4 Nc4+ 52. Ke2 Nb2 53. Rc3 Nxd1 54. Kxd1 Rh8 55. Rh3 g4 56. Rh2 Kg5 57. f6 Kxf6 58. Rf2+ Kg5 59. Rf5+ Kh4 60. Rxe5 Rxh5 61. Re8 g3 62. Ke2 Rd6 63. Kf1 Kg5 64. Kg2 Kf4 65. Bg6 Rh2+ 66. Kg1 Rb2 67. Rf8+ Ke3 68. Bh5 Rxd5 69. Rf3+ Ke4 70. Rxg3 Rxh5 71. Rg4+ Kf3 0-1


[Site "https://www.chess.com"]

[Event "Titled Tuesday Blitz November 2 2021"]
[White "Kalogeris, Ioannis"]
[Black "Shimelkov, Vasiliy"]
[WhiteFideId "4239563"]
[BlackFideId "13701630"]
[WhiteElo "2287"]
[BlackElo "2073"]
[Result "0-1"]
[Round "11"]
[TimeControl "180+1"]
[Date "2021.11.02"]
[WhiteClock "0:00:03"]
[BlackClock "0:00:16"]

1. e4 c6 2. Nc3 d5 3. Nf3 dxe4 4. Nxe4 Nf6 5. Neg5 h6 6. Nxf7 Kxf7 7. Ne5+ Kg8 8. d4 Nbd7 9. Bc4+ Nd5 10. Ng6 Rh7 11. Qf3 e6 12. Bd3 N7f6 13. Nxf8 Qxf8 14. Bxh7+ Kxh7 15. O-O Bd7 16. c4 Ne7 17. Bf4 Ng6 18. Be5 Ng8 19. Qe4 Qf5 20. Rfe1 Rf8 21. Qxf5 exf5 22. f4 Nxe5 23. fxe5 Be6 24. b3 Rd8 25. Rad1 Ne7 26. Kf2 g5 27. g3 Kg6 28. Ke3 h5 29. h4 f4+ 30. gxf4 g4 31. Ke4 Nf5 32. Rg1 Nxh4 33. d5 cxd5+ 34. cxd5 Bf5+ 35. Ke3 Nf3 36. Rg3 h4 37. Rxf3 gxf3 38. Kxf3 Rc8 39. d6 h3 40. d7 Rd8 41. Rd6+ Kg7 42. e6 Kf6 43. Kg3 Rg8+ 44. Kh2 Ke7 45. Rd5 Bxe6 46. Re5 Rg2+ 47. Kh1 Kxd7 48. f5 Bf7 49. Re3 Rxa2 50. Rxh3 Rb2 51. Rd3+ Ke7 52. Rc3 Rxb3 53. Rc7+ Kf6 54. Rc6+ bxc6 0-1


[Site "https://www.chess.com"]

[Event "Titled Tuesday Blitz November 2 2021"]
[White "Karpeshov, Oleg"]
[Black "Erdogdu, Mert"]
[WhiteFideId "4106814"]
[BlackFideId "6301495"]
[WhiteElo "2354"]
[BlackElo "2485"]
[Result "0-1"]
[Round "11"]
[TimeControl "180+1"]
[Date "2021.11.02"]
[WhiteClock "0:01:34"]
[BlackClock "0:00:35"]

1. d4 d5 2. c4 e6 3. Nc3 c5 4. e3 Nf6 5. Nf3 a6 6. cxd5 exd5 7. Bd3 Nc6 8. O-O Bd6 9. dxc5 Bxc5 10. a3 O-O 11. b4 Ba7 12. Bb2 Bg4 13. Ne2 Qd6 14. Ng3 Rad8 15. h3 Bc8 16. Qc2 h6 17. Rfd1 Rfe8 18. Rac1 Rxe3 19. Bxf6 Rxf3 20. Bh7+ Kh8 21. Ne4 Rxf2 22. Nxd6 Rxc2+ 23. Kh1 Rxc1 24. Nxf7+ Kxh7 25. Rxc1 Rf8 26. Nd6 gxf6 0-1


[Site "https://www.chess.com"]

[Event "Titled Tuesday Blitz November 2 2021"]
[White "Khabinets, Ivan"]
[Black "Aldokhin, Ivan"]
[WhiteFideId "14115980"]
[BlackFideId "24115720"]
[WhiteElo "2114"]
[BlackElo "2231"]
[Result "1-0"]
[Round "11"]
[TimeControl "180+1"]
[Date "2021.11.02"]
[WhiteClock "0:00:13"]
[BlackClock "0:00:02"]

1. e4 c5 2. Nf3 e6 3. g3 Nc6 4. Bg2 d5 5. exd5 exd5 6. d4 cxd4 7. Nxd4 Nf6 8. O-O Be7 9. Nc3 O-O 10. Re1 Bg4 11. f3 Bd7 12. Be3 Ne5 13. Bf2 Nc4 14. b3 Bb4 15. Nde2 Nb6 16. a3 Bd6 17. a4 Bc6 18. Qd4 Nbd7 19. Qh4 Ne5 20. Rad1 Ng6 21. Qd4 b6 22. Qd2 Rc8 23. Nd4 Bb7 24. Nf5 Bb4 25. Bd4 Qd7 26. Bh3 Qc7 27. Re3 Rfe8 28. Rd3 Ne5 29. Qg5 Bf8 30. Bxe5 Rxe5 31. Nh6+ Kh8 32. Nxf7+ Qxf7 33. Qxe5 Re8 34. Qf4 d4 35. Nb5 Bc5 36. Kh1 Qh5 37. Bg2 Nd5 38. Qg4 Qh6 39. Nxd4 Ne3 40. Re1 1-0


[Site "https://www.chess.com"]

[Event "Titled Tuesday Blitz November 2 2021"]
[White "Khoroshev, Nikita"]
[Black "Narayanan, Srinath"]
[WhiteFideId "14200287"]
[BlackFideId "5018420"]
[WhiteElo "2376"]
[BlackElo "2472"]
[Result "1/2-1/2"]
[Round "11"]
[TimeControl "180+1"]
[Date "2021.11.02"]
[WhiteClock "0:00:06"]
[BlackClock "0:00:14"]

1. e4 c5 2. Nf3 d6 3. d4 cxd4 4. Nxd4 Nf6 5. Nc3 Nc6 6. Bc4 e6 7. O-O Be7 8. Re1 O-O 9. Bb3 Bd7 10. Be3 Na5 11. f3 a6 12. a3 Nxb3 13. Nxb3 b5 14. Qd2 Bc6 15. Rad1 Bb7 16. Kh1 Rc8 17. Bf4 d5 18. Qf2 Bxa3 19. bxa3 Rxc3 20. Nc5 Bc6 21. Nxa6 Qa5 22. Bd2 dxe4 23. Nb4 Qxa3 24. Bxc3 Qxc3 25. Qd4 Qxd4 26. Rxd4 Ba8 27. fxe4 e5 28. Rd6 Nxe4 29. Rb6 h5 30. Rxb5 f6 31. Kg1 h4 32. Ra5 Ng5 33. h3 Rd8 34. c4 Bxg2 35. Kxg2 Rd2+ 36. Kf1 Nxh3 37. Ra2 Rd4 38. Rc2 Ng5 39. Nd5 h3 40. Re3 Rd1+ 41. Re1 h2 42. Rxh2 Rxe1+ 43. Kxe1 Nf3+ 44. Ke2 Nxh2 45. c5 Kf7 46. c6 Ke6 47. c7 Kd7 48. Kf2 Ng4+ 49. Kf3 Nh6 50. Ke4 Nf7 51. Kf5 Nd6+ 52. Kg6 Kc6 53. Ne7+ Kxc7 54. Kxg7 Ne8+ 55. Kf7 e4 56. Kxe8 Kd6 57. Kf7 Ke5 58. Ng6+ Kf5 59. Ne7+ Kg4 60. Nd5 f5 61. Kf6 f4 62. Ke5 f3 63. Kxe4 Kg3 64. Ne3 Kf2 65. Kf4 Ke2 66. Ng4 f2 67. Nxf2 1/2-1/2


[Site "https://www.chess.com"]

[Event "Titled Tuesday Blitz November 2 2021"]
[White "Le, Tuan Minh"]
[Black "Cunjalo, Faris"]
[WhiteFideId "12401153"]
[BlackFideId "14410710"]
[WhiteElo "2450"]
[BlackElo "2234"]
[Result "1-0"]
[Round "11"]
[TimeControl "180+1"]
[Date "2021.11.02"]
[WhiteClock "0:00:05"]
[BlackClock "0:00:02"]

1. d4 g6 2. e4 Bg7 3. Nc3 d6 4. Nf3 a6 5. a4 Nc6 6. h3 Nf6 7. Be3 O-O 8. Qd2 Nb4 9. Be2 a5 10. O-O c6 11. Rad1 Qc7 12. Bh6 Re8 13. Rfe1 Nxc2 14. Bxg7 Nxe1 15. Qh6 Nxf3+ 16. Bxf3 Nd7 17. e5 dxe5 18. Ne4 f6 19. h4 Nf8 20. dxe5 Bf5 21. exf6 Bxe4 22. f7+ Kxf7 23. Bxe4 Kg8 24. h5 e5 25. Bf6 Qf7 26. Qg5 Ne6 27. Qh4 Nf4 28. hxg6 Nxg6 29. Bxg6 Qxg6 30. Rd7 Re6 31. Rg7+ Qxg7 32. Bxg7 Kxg7 33. Qg4+ Kf7 34. Qf5+ Ke7 35. Qxh7+ Kd6 36. Qxb7 Ree8 37. Qb3 Rab8 38. Qd3+ Kc7 39. Qc3 Rb4 40. b3 Kb6 41. Qe3+ c5 42. Qh6+ Kb7 43. Qg7+ Kc6 44. Qg6+ Kd7 45. Qf7+ Re7 46. Qd5+ Ke8 47. Qxc5 Reb7 48. Qxe5+ Kf7 49. Qxa5 Rxb3 50. Qd5+ Ke7 51. a5 Rb1+ 52. Kh2 R7b5 53. Qe4+ Kd6 54. a6 Rh5+ 55. Kg3 Rb3+ 56. f3 Rg5+ 57. Kh4 Ra5 58. Qd4+ Rd5 59. Qf6+ Kc5 60. a7 Rd4+ 61. Qxd4+ 1-0


[Site "https://www.chess.com"]

[Event "Titled Tuesday Blitz November 2 2021"]
[White "Lovkov, Roman"]
[Black "Karttunen, Mika"]
[WhiteFideId "4157389"]
[BlackFideId "502081"]
[WhiteElo "2371"]
[BlackElo "2343"]
[Result "1-0"]
[Round "11"]
[TimeControl "180+1"]
[Date "2021.11.02"]
[WhiteClock "0:00:05"]
[BlackClock "0:00:05"]

1. e4 c5 2. d4 cxd4 3. c3 Nf6 4. e5 Nd5 5. Nf3 Nc6 6. cxd4 d6 7. Bc4 dxe5 8. dxe5 Ndb4 9. Qxd8+ Nxd8 10. Na3 Be6 11. Bxe6 Nxe6 12. Bd2 Nd5 13. O-O Nc5 14. b4 Ne4 15. Nc4 Nxd2 16. Nfxd2 e6 17. b5 Rc8 18. Rac1 Kd7 19. Ne4 Be7 20. Ncd6 Rxc1 21. Rxc1 Bxd6 22. Nxd6 f6 23. Nxb7 fxe5 24. Nc5+ Kd6 25. Ne4+ Kd7 26. Rc6 Nf4 27. g3 Ne2+ 28. Kg2 Nd4 29. Rd6+ Ke7 30. a4 Rc8 31. Ra6 Rc7 32. h4 h6 33. h5 Rd7 34. Nc5 Rc7 35. Nd3 Kf6 36. Kf1 e4 37. Nf4 Kf5 38. Ne2 Nf3 39. Rc6 Rd7 40. Rc5+ e5 41. Nc3 Rd2 42. Rc8 Ng5 43. Rf8+ Kg4 44. Ke1 Rc2 45. Ne2 Ra2 46. Kd1 Nf3 47. Nc3 Rd2+ 48. Kc1 Rd4 49. Kc2 Ng5 50. Rg8 Kxh5 51. Rxg7 Rc4 52. Re7 e3 53. fxe3 e4 54. Kb3 Rc5 55. Nxe4 Rf5 56. Nxg5 hxg5 57. Re4 Rf3 58. a5 Rxg3 59. b6 axb6 60. axb6 Rg1 61. Rb4 Rf1 62. b7 Rf8 63. b8=Q Rxb8 64. Rxb8 1-0


[Site "https://www.chess.com"]

[Event "Titled Tuesday Blitz November 2 2021"]
[White "Manukyan, Artyom"]
[Black "Petrovskyi, Vadym"]
[WhiteFideId "13305786"]
[BlackFideId "14165210"]
[WhiteElo "2034"]
[BlackElo "2334"]
[Result "1-0"]
[Round "11"]
[TimeControl "180+1"]
[Date "2021.11.02"]
[WhiteClock "0:00:41"]
[BlackClock "0:00:39"]

1. e4 c5 2. Nc3 Nc6 3. Bb5 Nd4 4. Nf3 e6 5. O-O a6 6. Bd3 Nxf3+ 7. Qxf3 d6 8. a4 Nf6 9. Bc4 Be7 10. d3 O-O 11. Ba2 Nd7 12. Qg3 Rb8 13. a5 Kh8 14. f4 Qxa5 15. f5 c4 16. Bf4 e5 17. Be3 Nf6 18. Bxc4 Qd8 19. Qh3 b5 20. Bb3 Bb7 21. Bg5 b4 22. Bxf6 Bxf6 23. Nd5 Bxd5 24. Bxd5 Qb6+ 25. Kh1 Rbc8 26. Qh5 Rxc2 27. Bxf7 Rxb2 28. Bc4 a5 29. Rf3 Qd8 30. Rh3 h6 31. Rg3 a4 32. Rg6 Kh7 33. Rxh6+ gxh6 34. Qg6+ 1-0


[Site "https://www.chess.com"]

[Event "Titled Tuesday Blitz November 2 2021"]
[White "Martinez Alcantara, Jose Eduardo"]
[Black "Gritsenko, Nikolai"]
[WhiteFideId "3805662"]
[BlackFideId "14112493"]
[WhiteElo "2690"]
[BlackElo "2389"]
[Result "1-0"]
[Round "11"]
[TimeControl "180+1"]
[Date "2021.11.02"]
[WhiteClock "0:01:50"]
[BlackClock "0:00:02"]

1. e4 e5 2. Nf3 d6 3. d4 exd4 4. Nxd4 Nf6 5. Nc3 g6 6. f3 Bg7 7. Be3 O-O 8. Qd2 d5 9. e5 Nfd7 10. e6 Nb6 11. exf7+ Rxf7 12. O-O-O Nc6 13. Bb5 Bd7 14. Rhe1 Ne5 15. Bg5 Qc8 16. Bxd7 Qxd7 17. Qe2 h6 18. Bh4 Re8 19. Kb1 a6 20. g3 Rff8 21. Qg2 Nec4 22. g4 c5 23. Nb3 Nxb2 24. Qd2 N2c4 25. Qd3 Na3+ 26. Kc1 c4 27. Qxg6 cxb3 28. axb3 Qc6 29. Qxc6 bxc6 30. Na2 Rxe1 31. Rxe1 Rxf3 32. Nb4 Bc3 33. Re8+ Kf7 34. Re7+ Kf8 35. Nd3 Rf1+ 36. Ne1 Nb5 37. Kd1 Bxe1 38. Rxe1 Rxe1+ 39. Bxe1 c5 40. Bf2 d4 41. Kd2 Ke7 42. Kd3 Kd6 43. Ke4 a5 44. Bg3+ Kc6 45. Bf4 Na3 46. Bxh6 Nxc2 47. Bd2 Nd5 48. g5 a4 49. bxa4 c4 50. g6 c3 51. Bg5 1-0


[Site "https://www.chess.com"]

[Event "Titled Tuesday Blitz November 2 2021"]
[White "Mezentsev, Ivan"]
[Black "Viani Antonio Dcunha"]
[WhiteFideId "13706195"]
[BlackFideId "5027330"]
[WhiteElo "2295"]
[BlackElo "2366"]
[Result "1/2-1/2"]
[Round "11"]
[TimeControl "180+1"]
[Date "2021.11.02"]
[WhiteClock "0:00:59"]
[BlackClock "0:00:12"]

1. d4 Nf6 2. Nf3 g6 3. Bf4 Bg7 4. e3 O-O 5. h3 d6 6. Be2 b6 7. O-O Bb7 8. c4 Nbd7 9. a4 Ne4 10. a5 e5 11. Bh2 bxa5 12. Rxa5 c5 13. Ra3 cxd4 14. exd4 Qc7 15. Nc3 Nxc3 16. bxc3 e4 17. Nd2 Qc6 18. Nb3 e3 19. Bf3 exf2+ 20. Rxf2 Qb6 21. Bxb7 Qxb7 22. Bxd6 Rfe8 23. c5 Nf6 24. Nd2 Nd5 25. Qf3 Re3 26. Rb3 Rxf3 27. Rxb7 Rxf2 28. Kxf2 Nxc3 29. Ke3 a5 30. Kd3 Nd5 31. Rb8+ Rxb8 32. Bxb8 Nb4+ 33. Kc4 Nc6 34. d5 Nxb8 35. Kb5 Kf8 36. Nc4 Ke7 37. c6 Kd8 38. Kb6 Nd7+ 39. cxd7 Kxd7 40. Kxa5 f5 41. Kb5 Bd4 42. Nd2 Kd6 43. Kc4 Be3 44. Nf3 g5 45. Nd4 Bxd4 46. Kxd4 h5 47. Kc4 h4 48. Kd4 g4 49. hxg4 fxg4 50. Ke4 h3 51. gxh3 gxh3 52. Kf3 Kxd5 53. Kg3 h2 54. Kxh2 1/2-1/2


[Site "https://www.chess.com"]

[Event "Titled Tuesday Blitz November 2 2021"]
[White "Nesterov, Arseniy"]
[Black "Rostovtsev, Dmitry"]
[WhiteFideId "24198455"]
[BlackFideId "34278320"]
[WhiteElo "2494"]
[BlackElo "2294"]
[Result "1-0"]
[Round "11"]
[TimeControl "180+1"]
[Date "2021.11.02"]
[WhiteClock "0:00:33"]
[BlackClock "0:00:09"]

1. d4 Nf6 2. c4 e6 3. Nf3 b6 4. g3 Ba6 5. Qc2 Bb7 6. Bg2 c5 7. O-O cxd4 8. Nxd4 Bxg2 9. Kxg2 Qc8 10. Nd2 Be7 11. b3 O-O 12. Bb2 Nc6 13. N2f3 d5 14. Nxc6 Qxc6 15. Rac1 Rac8 16. Qd3 Qb7 17. Bxf6 dxc4 18. Rxc4 Bxf6 19. Rfc1 h6 20. h4 Rfd8 21. Qc2 Rxc4 22. Qxc4 h5 23. Qf4 Rc8 24. Rxc8+ Qxc8 25. Qe4 g6 26. Nd2 Kg7 27. Nc4 Qc5 28. a4 b5 29. axb5 Qxb5 30. Nd6 Qd7 31. Qd3 Be5 32. Nf5+ 1-0


[Site "https://www.chess.com"]

[Event "Titled Tuesday Blitz November 2 2021"]
[White "Nguyen Hong Nhung"]
[Black "Potapova, Margarita"]
[WhiteFideId "12412201"]
[BlackFideId "14126869"]
[WhiteElo "1661"]
[BlackElo "2214"]
[Result "0-1"]
[Round "11"]
[TimeControl "180+1"]
[Date "2021.11.02"]
[WhiteClock "0:00:12"]
[BlackClock "0:00:07"]

1. e4 c5 2. Nc3 d6 3. f4 g6 4. Nf3 Bg7 5. Bc4 Nc6 6. O-O e6 7. d3 Nge7 8. Qe1 O-O 9. f5 gxf5 10. Qh4 Ng6 11. Qh5 fxe4 12. dxe4 f6 13. Bh6 Qe7 14. Rad1 Bxh6 15. Qxh6 a6 16. a4 b6 17. Rd3 Nb4 18. Rd2 Bb7 19. h4 Rad8 20. h5 Nh8 21. Ng5 d5 22. exd5 fxg5 23. Rxf8+ Rxf8 24. d6 Qg7 25. Bxe6+ Nf7 26. Qxg7+ Kxg7 27. Bxf7 Kxf7 28. Re2 Nc6 29. Nd5 Rd8 30. Nxb6 Rxd6 31. Nc4 Rd8 32. Rf2+ Kg7 33. Rf5 h6 34. Rxc5 Rd7 35. b3 Nd4 36. Ne5 Re7 37. Kf2 Ne6 38. Ra5 Nf4 39. g3 Nxh5 40. Nd3 Nf6 41. Rf5 Ne4+ 42. Kg1 Nxg3 43. Nc5 Nxf5 44. Nxb7 Rxb7 45. a5 Rc7 46. c4 Rb7 47. c5 Rxb3 48. c6 Rc3 49. Kh1 Rxc6 0-1


[Site "https://www.chess.com"]

[Event "Titled Tuesday Blitz November 2 2021"]
[White "Nozdrachev, Leonid"]
[Black "Myshakov, Fyodor"]
[WhiteFideId "24113433"]
[BlackFideId "14111284"]
[WhiteElo "2124"]
[BlackElo "2310"]
[Result "1-0"]
[Round "11"]
[TimeControl "180+1"]
[Date "2021.11.02"]
[WhiteClock "0:01:14"]
[BlackClock "0:00:14"]

1. e4 c6 2. Nf3 d5 3. d3 dxe4 4. dxe4 Qxd1+ 5. Kxd1 Bg4 6. Be2 Nd7 7. Ne1 Bxe2+ 8. Kxe2 O-O-O 9. Nd3 e6 10. Be3 b6 11. a4 Ngf6 12. f3 c5 13. Nd2 Kb7 14. a5 Bd6 15. Nc4 Bc7 16. a6+ Kc6 17. b4 b5 18. Nd2 c4 19. Nf2 Bb6 20. Nb1 Bxe3 21. Kxe3 Ne5 22. Nc3 Ne8 23. f4 Nd7 24. e5 Nb6 25. Nfe4 Nc7 26. Rhd1 Ncd5+ 27. Kf3 Nxc3 28. Nxc3 Nd5 29. Nxd5 Rxd5 30. Rxd5 Kxd5 31. Rd1+ Kc6 32. Rd6+ Kc7 33. Ke3 Rb8 34. Kd4 h6 35. Kc5 g5 36. g3 gxf4 37. gxf4 h5 38. h4 c3 39. Rd3 Rb6 40. Rxc3 Rxa6 41. Kxb5+ Kb7 42. Rc7+ 1-0


[Site "https://www.chess.com"]

[Event "Titled Tuesday Blitz November 2 2021"]
[White "Ovchinnikov, Vsevolod"]
[Black "Postny, Evgeny"]
[WhiteFideId "24176842"]
[BlackFideId "2804344"]
[WhiteElo "2376"]
[BlackElo "2521"]
[Result "1-0"]
[Round "11"]
[TimeControl "180+1"]
[Date "2021.11.02"]
[WhiteClock "0:00:07"]
[BlackClock "0:00:12"]

1. d4 Nf6 2. c4 e5 3. dxe5 Ne4 4. Nf3 Nc6 5. Nbd2 Nc5 6. a3 a5 7. g3 d6 8. exd6 Qxd6 9. Bg2 Bf5 10. O-O O-O-O 11. b4 axb4 12. axb4 Nxb4 13. Ra8+ Kd7 14. Rxd8+ Kxd8 15. Ba3 Nba6 16. Qa1 Kc8 17. Rd1 Qb6 18. Nd4 Bg6 19. e4 Ne6 20. Nxe6 Qxe6 21. Bxf8 Rxf8 22. Qxg7 Rd8 23. Bf3 Nc5 24. Qa1 Kb8 25. Qa3 Qe5 26. Ra1 Na6 27. Nf1 Qc5 28. Qxc5 Nxc5 29. e5 Nd3 30. Ne3 Nxe5 31. Bg2 Rd2 32. g4 Bd3 33. Rc1 Be2 34. h3 Bf3 35. Bxf3 Nxf3+ 36. Kg2 Ne5 37. Kg3 c6 38. Rc3 Kc7 39. f4 Nd3 40. h4 Nc5 41. Kf3 Rh2 42. h5 Rh3+ 43. Kg2 Rh4 44. Rc1 Ne4 45. Kf3 Nf6 46. Kg3 Nxg4 47. Nxg4 Rxh5 48. Ne5 f6 49. Ng4 f5 50. Ne3 Kd6 51. c5+ Kc7 52. Rb1 Kc8 53. Rb2 Kd7 54. Rxb7+ Ke6 55. Rc7 1-0


[Site "https://www.chess.com"]

[Event "Titled Tuesday Blitz November 2 2021"]
[White "Piesik, Piotr"]
[Black "Sawyer, Bradley"]
[WhiteFideId "1136194"]
[BlackFideId "2023784"]
[WhiteElo "2336"]
[BlackElo "2388"]
[Result "0-1"]
[Round "11"]
[TimeControl "180+1"]
[Date "2021.11.02"]
[WhiteClock "0:01:22"]
[BlackClock "0:00:57"]

1. Nf3 c5 2. g3 g6 3. Bg2 Bg7 4. O-O Nc6 5. c3 e5 6. e4 Nge7 7. Na3 O-O 8. d4 exd4 9. cxd4 Nxd4 10. Nxd4 cxd4 11. Bf4 d5 12. e5 Nc6 13. Re1 Bf5 14. Nb5 Qb6 15. Nd6 Be6 16. Qb3 Qxb3 17. axb3 Rab8 18. Rad1 a6 19. h3 Rfd8 20. g4 Nxe5 21. Bxe5 Bxe5 22. Rxe5 Rxd6 23. Rxd4 Rbd8 24. f4 Kg7 25. Kf2 Rb6 26. Re3 Rc8 27. b4 Rc2+ 28. Re2 Rc4 29. Red2 Rbxb4 30. Ke3 Rxd4 31. Rxd4 Rxb2 32. Bxd5 Bxd5 33. Rxd5 Rb3+ 34. Ke4 Rxh3 35. Rd7 Rb3 36. f5 gxf5+ 37. gxf5 a5 38. Ke5 Rb5+ 39. Kf4 a4 40. Rd8 a3 41. Ra8 Rb3 42. Kg5 h6+ 43. Kf4 b5 44. Kg4 b4 45. Ra6 Rb2 46. Kh5 a2 47. f6+ Kh7 48. Ra7 Rh2+ 49. Kg4 Kg6 0-1


[Site "https://www.chess.com"]

[Event "Titled Tuesday Blitz November 2 2021"]
[White "Przybylski, Wojciech"]
[Black "Wagner, Dennis"]
[WhiteFideId "1117599"]
[BlackFideId "24650684"]
[WhiteElo "2247"]
[BlackElo "2355"]
[Result "0-1"]
[Round "11"]
[TimeControl "180+1"]
[Date "2021.11.02"]
[WhiteClock "0:00:01"]
[BlackClock "0:01:20"]

1. e4 c5 2. Nf3 d6 3. Bb5+ Nd7 4. a4 Nf6 5. Nc3 g6 6. O-O Bg7 7. Re1 O-O 8. a5 a6 9. Bc4 b5 10. axb6 Nxb6 11. Ba2 a5 12. h3 a4 13. Rb1 Bd7 14. d4 cxd4 15. Nxd4 Qc8 16. Bg5 Qc5 17. Be3 Nc4 18. Bxc4 Qxc4 19. Qd3 Rfc8 20. Red1 a3 21. Nce2 e5 22. Nf3 Nxe4 23. bxa3 Qxc2 24. Ng3 Qxd3 25. Rxd3 Nxg3 26. Rxd6 Ne2+ 27. Kf1 Bf5 28. Rb7 Nc3 29. Ng5 Rxa3 30. g4 Bc2 31. Kg2 h6 32. Nf3 Be4 33. Rbb6 Nd5 34. Rb5 Nxe3+ 35. fxe3 Rxe3 0-1


[Site "https://www.chess.com"]

[Event "Titled Tuesday Blitz November 2 2021"]
[White "Rodchenkov, Vitaly"]
[Black "Golubka, Petro"]
[WhiteFideId "4152964"]
[BlackFideId "14114224"]
[WhiteElo "2337"]
[BlackElo "2392"]
[Result "0-1"]
[Round "11"]
[TimeControl "180+1"]
[Date "2021.11.02"]
[WhiteClock "0:00:08"]
[BlackClock "0:00:21"]

1. Nf3 Nf6 2. c4 e6 3. b3 d6 4. Bb2 Be7 5. d4 O-O 6. Nc3 a5 7. e3 b6 8. Bd3 Bb7 9. O-O Nbd7 10. Qc2 g6 11. Rfd1 Bxf3 12. gxf3 c6 13. f4 d5 14. Ne2 Rc8 15. Ng3 Re8 16. Rac1 Bf8 17. cxd5 exd5 18. Bf1 Bg7 19. Bh3 Rc7 20. Ba3 Bf8 21. Bxf8 Nxf8 22. Qe2 Qd6 23. Rc2 Ra8 24. Rdc1 a4 25. f5 axb3 26. axb3 Kg7 27. fxg6 hxg6 28. Qf3 c5 29. dxc5 Rxc5 30. Rxc5 bxc5 31. Bg2 Ne6 32. Ne2 Rb8 33. Rc3 Qe5 34. Qg3 Qxg3 35. hxg3 Rb6 36. Rd3 c4 37. bxc4 dxc4 38. Rd1 Rb2 39. Nd4 Ng4 40. Nxe6+ fxe6 41. Rd7+ Kf6 42. Rc7 Nxf2 43. Rxc4 Nd1 44. Rf4+ Ke7 45. Re4 Re2 46. Bf3 Rxe3 47. Rxe3 Nxe3 48. Kf2 Nf5 49. Bg4 Kf6 50. Kf3 Ke5 51. Bh3 g5 52. Bg4 Nd4+ 53. Ke3 Nb5 54. Bh3 Nd6 55. Bg4 Ne8 56. Be2 Nf6 57. Kf3 Kd4 58. Ba6 e5 59. Bb7 e4+ 60. Ke2 Nh5 61. Kf2 Kd3 62. Ba6+ Kd2 63. Bb5 g4 64. Bc4 e3+ 65. Kg2 e2 0-1


[Site "https://www.chess.com"]

[Event "Titled Tuesday Blitz November 2 2021"]
[White "Sanchez Alvares, Kelvin Antonio"]
[Black "Hansen, Eric"]
[WhiteFideId "3906680"]
[BlackFideId "2606771"]
[WhiteElo "2193"]
[BlackElo "2568"]
[Result "0-1"]
[Round "11"]
[TimeControl "180+1"]
[Date "2021.11.02"]
[WhiteClock "0:00:01"]
[BlackClock "0:00:05"]

1. d4 Nf6 2. c4 e6 3. Nf3 b6 4. g3 Bb7 5. Bg2 g6 6. O-O Bg7 7. Nc3 Ne4 8. Qc2 Nxc3 9. bxc3 O-O 10. e4 d6 11. Bg5 Qe8 12. e5 Nc6 13. Rfe1 Na5 14. Qd3 Ba6 15. Nd2 d5 16. Bf6 c5 17. Bxg7 Kxg7 18. Qf3 Nxc4 19. Qf6+ Kg8 20. Nf3 Qd8 21. Qf4 Kg7 22. h4 h6 23. Bf1 Rc8 24. Bd3 Qe7 25. Kg2 f5 26. exf6+ Rxf6 27. Qg4 Rcf8 28. Kg1 Nd2 29. Nxd2 Bxd3 30. f4 cxd4 31. Qf3 dxc3 32. Nb3 Be4 33. Qxc3 Kh7 34. Nd2 Bf5 35. Rac1 g5 36. Qe5 R6f7 37. hxg5 hxg5 38. Nf3 gxf4 39. gxf4 Rg7+ 40. Kf2 Bg4 41. Rh1+ Kg8 42. Rcg1 Qc5+ 43. Nd4 Qc3 44. Rxg4 Qb2+ 45. Kf3 Qc3+ 46. Kf2 Qb2+ 47. Kg3 Rxg4+ 48. Kxg4 Qg2+ 49. Kh5 Qxh1+ 50. Kg6 Qg2+ 51. Kh5 Qh3+ 52. Kg5 Qg3+ 53. Kh5 Qh3+ 54. Kg5 Kh7 55. Nxe6 Rg8+ 56. Kf6 Rg6+ 57. Ke7 Rxe6+ 58. Qxe6 Qxe6+ 59. Kxe6 d4 60. f5 d3 61. f6 d2 62. f7 d1=Q 63. f8=Q Qe2+ 64. Kd7 Qxa2 65. Qf5+ Kh6 66. Qf6+ Kh5 67. Qf5+ Kh4 68. Qf4+ Kh3 69. Qf3+ Kh2 70. Qf4+ Kg1 71. Qg3+ Kf1 72. Qh3+ Qg2 73. Qd3+ Qe2 74. Qh3+ Ke1 75. Qh1+ Kd2 76. Qc6 Qd3+ 77. Ke7 Qe3+ 78. Kd7 Qd4+ 79. Ke6 a5 80. Qb5 Kc3 0-1


[Site "https://www.chess.com"]

[Event "Titled Tuesday Blitz November 2 2021"]
[White "Svane, Frederik"]
[Black "Naroditsky, Daniel"]
[WhiteFideId "12923044"]
[BlackFideId "2026961"]
[WhiteElo "2459"]
[BlackElo "2608"]
[Result "0-1"]
[Round "11"]
[TimeControl "180+1"]
[Date "2021.11.02"]
[WhiteClock "0:00:02"]
[BlackClock "0:00:20"]

1. e4 e5 2. Nf3 Nc6 3. Bb5 f5 4. d3 fxe4 5. dxe4 Nf6 6. O-O d6 7. Nc3 Be7 8. Bc4 Bg4 9. h3 Bh5 10. Be3 Qd7 11. a4 a6 12. a5 h6 13. Be2 Bf7 14. Qd2 g5 15. Nh2 Rg8 16. Rfd1 h5 17. Bxg5 Nd4 18. Bf1 O-O-O 19. b4 Qc6 20. Be3 Nxe4 21. Nxe4 Qxe4 22. Bxd4 Qxd4 23. Qe1 Qf4 24. b5 axb5 25. a6 bxa6 26. Qa5 Kd7 27. c4 bxc4 28. Qa4+ c6 29. Qxa6 Rc8 30. Rac1 Bd5 31. Rc3 Bh4 32. Qa2 Rcf8 33. Rd2 Qe4 34. f3 Qf4 35. Rxd5 cxd5 36. Qa4+ Ke6 37. Rxc4 dxc4 38. Bxc4+ Kf6 39. Qc6 Qd4+ 40. Kh1 Rc8 0-1


[Site "https://www.chess.com"]

[Event "Titled Tuesday Blitz November 2 2021"]
[White "Sychev, Klementy"]
[Black "Yaksin, Oleg"]
[WhiteFideId "4114060"]
[BlackFideId "24105880"]
[WhiteElo "2615"]
[BlackElo "2256"]
[Result "0-1"]
[Round "11"]
[TimeControl "180+1"]
[Date "2021.11.02"]
[WhiteClock "0:00:23"]
[BlackClock "0:00:32"]

1. b4 Nf6 2. Bb2 g6 3. Nf3 Bg7 4. g3 O-O 5. Bg2 Na6 6. a3 c5 7. b5 Nc7 8. c4 d5 9. d3 d4 10. O-O Nfe8 11. a4 Nd6 12. Nbd2 h6 13. a5 Rb8 14. Qc2 e5 15. e3 b6 16. axb6 axb6 17. Ra7 Bb7 18. Re1 Ra8 19. Rxa8 Qxa8 20. Ra1 Qc8 21. Re1 Re8 22. Bc1 f5 23. Nh4 Bxg2 24. Kxg2 g5 25. Nhf3 e4 26. Ng1 Qb7 27. Kf1 exd3 28. Qxd3 Qh1 29. Re2 Qxh2 30. exd4 Rxe2 31. Qxe2 Bxd4 32. Ndf3 Qh1 0-1


[Site "https://www.chess.com"]